 Dungeon Crawl Stone Soup version 0.29-a0-887-gcbe080d7e0 (webtiles) character file.

Game seed: 5063030545293470806

1197 wilfster70 the Poker (level 8, -5/51 HPs)
             Began as a Gargoyle Fighter on July 21, 2022.
             Was a Believer of Nemelex Xobeh.
             Slain by a gnoll
             ... wielding a +1 flail of protection
             ... led by a gnoll sergeant
              (9 damage)
             ... on level 4 of the Dungeon.
             The game lasted 00:12:04 (6807 turns).

wilfster70 the Poker (Gargoyle Fighter)             Turns: 6807, Time: 00:12:04

Health: -5/51      AC: 14    Str: 20    XL:     8   Next: 44%
Magic:  11/11      EV:  9    Int: 17    God:    Nemelex Xobeh [**....]
Gold:   330        SH:  4    Dex:  9    Spells: 4/7 levels left

rFire   + . .      SeeInvis .   a - +1 trident
rCold   . . .      Faith    .   c - +0 buckler
rNeg    + . .      Spirit   .   e - +0 scale mail
rPois   ∞          Reflect  .   (no helmet)
rElec   +          Harm     .   n - +1 cloak
rCorr   .          Rampage  .   (no gloves)
Will    .....                   (no boots)
Stlth   ..........              g - amulet of magic regeneration
HPRegen 0.17/turn               l - +6 ring of intelligence
MPRegen 0.52/turn               p - ring of protection from fire

@: no status effects
A: sickness immunity, AC +5, negative energy resistance 1, electricity
resistance, torment resistance 1, petrification resistance
a: Renounce Religion, Draw Escape, Draw Destruction, Draw Summoning


You were on level 4 of the Dungeon.
You worshipped Nemelex Xobeh.
Nemelex Xobeh was pleased with you.
You visited 1 branch of the dungeon, and saw 6 of its levels.

You collected 330 gold pieces.

Inventory:

Hand Weapons
 a - a +1 trident (weapon)
 b - a +0 sling
Armour
 c - a +0 buckler (worn)
 e - a +0 scale mail (worn)
 n - a +1 cloak (worn)
Jewellery
 g - an amulet of magic regeneration (around neck)
 l - a +6 ring of intelligence (left hand)
 p - a ring of protection from fire (right hand)
Scrolls
 h - 3 scrolls of teleportation
 r - 2 scrolls of identify
Potions
 d - a potion of might
 f - 2 potions of mutation
 i - 3 potions of flight
 j - 5 potions of curing
 k - 2 potions of heal wounds {unknown}
 m - a potion of degeneration {unknown}
 o - a potion of ambrosia {unknown}
 q - a potion of lignification {unknown}


   Skills:
 + Level 6.2 Fighting
 * Level 6.6 Polearms
 - Level 4.0 Armour
 - Level 3.2 Shields
 + Level 4.6 Invocations


You had 4 spell levels left.
You knew the following spells:

 Your Spells              Type           Power      Damage    Failure   Level
a - Conjure Flame         Conj/Fire      0%         6-21      95%         3

Your spell library contained the following spells:

 Spells                   Type           Power      Damage    Failure   Level
 Apportation              Tloc           0%         N/A       65%         1
 Beastly Appendage        Tmut           0%         N/A       65%         1
 Foxfire                  Conj/Fire      0%         2x1d4     65%         1
 Necrotise                Necr           0%         1d4       65%         1
 Shock                    Conj/Air       0%         1d3       65%         1
 Summon Small Mammal      Summ           0%         N/A       65%         1
 Ensorcelled Hibernation  Hex/Ice        0%         N/A       78%         2
 Passwall                 Tmut/Erth      0%         N/A       78%         2
 Wereblood                Tmut           0%         N/A       78%         2
 Inner Flame              Hex/Fire       0%         N/A       95%         3
 Spider Form              Tmut/Pois      0%         N/A       95%         3
 Swiftness                Air            0%         N/A       95%         3
 Airstrike                Air            0%         0-1+      100%        4
 Cause Fear               Hex            0%         N/A       100%        4
 Flame Wave               Conj/Fire      0%         2d4       100%        4
 Discord                  Hex            0%         N/A       100%        8


Dungeon Overview and Level Annotations

Branches:
Dungeon (6/15)
 Temple: D:4-7

Altars:
Fedhas
Gozag
Hepliaklqana
Kikubaaqudgha
Makhleb
Nemelex Xobeh
Qazlal
Vehumet
Xom
Yredelemnul


Innate Abilities, Weirdness & Mutations

You are immune to sickness and miasma.
Your stone body is resilient. (AC +5)
You are immune to poison.
You resist negative energy. (rN+)
You are resistant to electric shocks. (rElec)
You are resistant to unholy torment.
You are immune to petrification.


Message History

The gnoll sergeant hits you but does no damage.
You barely miss the gnoll sergeant.
The gnoll sergeant is heavily wounded.
The gnoll closely misses you.
The gnoll sergeant hits you with a +0 spear.
* * * LOW HITPOINT WARNING * * *
You barely miss the gnoll sergeant.
The gnoll sergeant is heavily wounded.
The gnoll hits you with a +1 flail of protection.
* * * LOW HITPOINT WARNING * * *
The gnoll sergeant hits you but does no damage.
You feel better.
The gnoll hits you with a +1 flail of protection.
* * * LOW HITPOINT WARNING * * *
The gnoll sergeant barely misses you.
The gnoll sergeant attacks as you move away!
The gnoll sergeant hits you with a +0 spear.
* * * LOW HITPOINT WARNING * * *
The gnoll attacks as you move away! The gnoll closely misses you.
The gnoll sergeant hits you but does no damage.
You block the gnoll sergeant's attack.
You open the door. You block the gnoll's attack.
The gnoll sergeant hits you but does no damage.
There is an open door here.
There is a stone staircase leading up here.
The gnoll sergeant hits you from afar with a +0 spear.
* * * LOW HITPOINT WARNING * * *
You climb upwards.
There is a stone staircase leading down here.
You hit the gnoll but do no damage.
The gnoll hits you with a +1 flail of protection!
* * * LOW HITPOINT WARNING * * *
You puncture the gnoll!
The gnoll is severely wounded.
You block the gnoll's attack.
You hit the gnoll but do no damage.
The gnoll is severely wounded.
The gnoll hits you with a +1 flail of protection!
You die...
Your body glows slightly and disappears.

........≈≈.###########
######..≈≈.# ###≈≈##
########## ##≈#
#........# ####≈#
###.######.#
#.######...## #.#
#.##..#.###.### #.#
#.#.....# #.g.# #.#
##.#...#.###@#.# #.#
#.......#...##.###.#
#.#####.###........#
#####.# #.# ####.#####
......# #.# #.# .####.#
#.# ####.# .#
#.#####.###....##
.####.......##....#.##
...#####...##....###.####


You could see a gnoll.

Vanquished Creatures
  A kobold demonologist (D:6)
  Menkaure (D:6)
  2 phantoms
  A necrophage (D:6)
  A bullfrog (D:6)
  A scorpion (D:4)
  A crimson imp (D:4)
  2 hounds (D:6)
  A jelly (D:5)
  Crazy Yiuf (D:3)
  2 iguanas
  2 orc wizards
  7 adders
  5 gnolls (D:5)
  A shadow imp (D:6)
  A white imp (D:6)
  An adder zombie (D:2)
  A worm (D:3)
  4 dart slugs
  15 orcs
  9 ball pythons
  A bat skeleton (D:2)
  13 endoplasms
  9 goblins
  3 hobgoblins
  2 jackals (D:5)
  4 kobolds
  3 quokkas
  A ball python skeleton (D:2)
  3 bats
  3 frilled lizards
  A jackal zombie (D:2)
  4 rats
107 creatures vanquished.

Vanquished Creatures (collateral kills)
  A dart slug (D:3)
1 creature vanquished.

Vanquished Creatures (others)
  A plant (D:2)
  2 withered plants (D:2)
3 creatures vanquished.

Grand Total: 111 creatures vanquished

Notes
Turn   | Place    | Note
-------+----------+-------------------------------------------
     0 | D:1      | wilfster70 the Gargoyle Fighter began the quest for the
                  | Orb.
     0 | D:1      | Reached XP level 1. HP: 14/14 MP: 1/1
   277 | D:1      | Reached XP level 2. HP: 11/19 MP: 2/2
  1341 | D:2      | Reached XP level 3. HP: 20/23 MP: 3/3
  1808 | D:2      | Reached XP level 4. HP: 28/29 MP: 4/4
  1966 | D:2      | Found a faded altar of an unknown god.
  2334 | D:3      | Found a blossoming altar of Fedhas.
  2336 | D:3      | Found a basalt altar of Yredelemnul.
  2341 | D:3      | Found an ancient bone altar of Kikubaaqudgha.
  2341 | D:3      | Found a hazy altar of Hepliaklqana.
  2359 | D:3      | Found an opulent altar of Gozag.
  2360 | D:3      | Found a sparkling altar of Nemelex Xobeh.
  2361 | D:3      | Found a radiant altar of Vehumet.
  2363 | D:3      | Found a stormy altar of Qazlal.
  2384 | D:3      | Became a worshipper of Nemelex Xobeh the Trickster
  2670 | D:3      | Reached XP level 5. HP: 29/33 MP: 5/5
  2780 | D:3      | Found a runed translucent door.
  2783 | D:3      | Noticed Crazy Yiuf
  2791 | D:3      | Killed Crazy Yiuf
  2792 | D:3      | Reached skill level 1 in Invocations
  3794 | D:4      | Reached XP level 6. HP: 38/39 MP: 7/7
  3903 | D:4      | Reached * piety under Nemelex Xobeh
  4166 | D:4      | Received a gift from Nemelex Xobeh
  4454 | D:4      | Found a shimmering altar of Xom.
  4454 | D:4      | Found a burning altar of Makhleb.
  4617 | D:4      | Reached ** piety under Nemelex Xobeh
  4791 | D:5      | Entered Level 5 of the Dungeon
  4971 | D:5      | Reached skill level 5 in Fighting
  4971 | D:5      | Reached XP level 7. HP: 27/44 MP: 7/9
  5523 | D:5      | Reached skill level 5 in Polearms
  6200 | D:6      | Learned a level 3 spell: Conjure Flame
  6476 | D:6      | Noticed Menkaure
  6558 | D:6      | Killed Menkaure
  6559 | D:6      | Reached XP level 8. HP: 34/51 MP: 9/11
  6696 | D:6      | Noticed a kobold demonologist
  6775 | D:6      | Noticed a sun demon
  6777 | D:6      | Killed a kobold demonologist
  6807 | D:4      | Slain by a gnoll

Illustrated notes

Levels and vault maps discovered:
D:1:      tarquinn_simple_flora_water_e, layout_loops_corners
D:2:      layout_loops_ring, serial_undead, serial_undead_f, serial_undead_f,
          serial_undead_b, serial_undead_f, hellmonk_ecumenical_altar_zigzags,
          minmay_shallow_snake_nest
D:3:      layout_basic, minitemple, minmay_cut_off, uniq_crazy_yiuf_cottage
D:4:      layout_loops_corners, grunt_temple_overflow_champion_of_chaos,
          chequers_serial_rivers_small_3, minmay_puff
D:5:      layout_loops_corners
D:6:      layout_layer_cave, gammafunk_ghost_split, uniq_menkaure

Skill      XL: |  1  2  3  4  5  6  7  8 |
---------------+-------------------------+-----
Polearms       | 2 3 4 6 |  6.6
Armour         | 4 |  4.0
Fighting       | 4 5 6 |  6.2
Invocations    | 2 4 |  4.6
Shields        | |  3.2

Action                   |  1- 3 |  4- 6 |  7- 9 || total
-------------------------+-------+-------+-------++-------
Melee: Trident           |   135 |   201 |   157 ||   493
Invok: Draw Destruction  |       |       |     3 ||     3
  Use: Scroll            |       |    12 |     1 ||    13
       Potion            |       |       |     1 ||     1
Armor: Scale mail        |    65 |    86 |    84 ||   235
Dodge: Dodged            |    54 |    80 |    75 ||   209
Block: Buckler           |    35 |    35 |    41 ||   111

Table legend: (Time is in decaauts)
 A = Elapsed time spent in this place.
 B = Non-inter-level travel time spent in this place.
 C = Inter-level travel time spent in this place.
 D = Time resting spent in this place.
 E = Time spent auto-exploring this place.
 F = Levels seen in this place.
 G = Mean time per level.
                   A        B        C        D        E       F      G
               +--------+--------+--------+--------+--------+-----+--------+
         Total |   6877 |   6669 |    208 |   1747 |   2875 |   6 | 1146.2 |
       Dungeon |   6877 |   6669 |    208 |   1747 |   2875 |   6 | 1146.2 |
               +--------+--------+--------+--------+--------+-----+--------+

Top non-repeatable levels by time:
     D:5: 1416 daAuts
     D:4: 1363 daAuts
     D:3: 1266 daAuts
     D:1: 1116 daAuts
     D:2: 1100 daAuts
     D:6: 614 daAuts
